 Seeded DCSS version 0.30.0-5-g1a98f26d00 (webtiles) character file.

Game seed: 2 (custom seed)

58 Kazon the Cudgeller (level 3, -1/27 HPs)
             Began as a Demonspawn Gladiator on May 8, 2023.
             Slain by a hobgoblin (3 damage)
             ... on level 2 of the Dungeon.
             The game lasted 00:04:32 (1091 turns).

Kazon the Cudgeller (Demonspawn Gladiator)          Turns: 1091, Time: 00:04:32

Health: -1/27      AC:  7    Str: 14    XL:     3   Next: 75%
Magic:  3/3        EV: 12    Int: 11    God:
Gold:   69         SH:  0    Dex: 16    Spells: 2/2 levels left

rFire   + . .        l - +3 Elemental Staff {rElec rF+ rC+ AC+3}
rCold   + . .        (no shield)
rNeg    . . .        b - +0 leather armour
rPois   .            c - +0 helmet
rElec   +            (no cloak)
rCorr   .            (no gloves)
SInv    .            (no boots)
Will    .....        (no amulet)
Stlth   +++          (no ring)
HPRegen 0.24/turn    (no ring)
MPRegen 0.08/turn

%: no passive effects
@: no status effects
A: thin skeletal structure 1, foul stench 1
a: no special abilities


You were on level 2 of the Dungeon.
You visited 1 branch of the dungeon, and saw 2 of its levels.

You collected 69 gold pieces.

Inventory:

Hand Weapons
 a - a +0 flail
 l - the +3 Elemental Staff (weapon) {rElec rF+ rC+ AC+3}
   (You acquired it on level 2 of the Dungeon)

   It enhances your fire, ice, earth and air magic.
   AC:        It affects your AC (+3).
   rF:        It protects you from fire.
   rC:        It protects you from cold.
   rElec:     It insulates you from electricity.
Missiles
 d - 3 throwing nets
 e - a javelin
 i - 10 stones (quivered)
 m - 11 poisoned darts
Armour
 b - a +0 leather armour (worn)
 c - a +0 helmet (worn)
Scrolls
 k - a scroll of identify {unknown}
 n - 2 scrolls of magic mapping {unknown}
Potions
 f - a potion of flight {unknown}
 g - a potion of heal wounds {unknown}
 h - a potion of lignification {unknown}
 j - a potion of attraction {unknown}
 o - 2 potions of might {unknown}


   Skills:
 + Level 2.1 Fighting
 + Level 3.4 Maces & Flails
 + Level 1.8 Throwing
 + Level 0.6 Armour
 + Level 3.1 Dodging
 + Level 1.0 Stealth
 * Level 0.6 Evocations


You had 2 spell levels left.
You didn't know any spells.
Your spell library contained the following spells:

 Spells                   Type           Power      Damage    Failure   Level
 Sting                    Tmut/Pois      0%         1d3       41%         1


Dungeon Overview and Level Annotations

Branches:
Dungeon (2/15)

Altars:
Trog


Innate Abilities, Weirdness & Mutations

You have a somewhat thin skeletal structure. (Dex +2, Stealth+)
You may rarely emit foul miasma when damaged in melee.


Message History

Natasha is heavily wounded.
Natasha barely misses you.
The cerulean imp hits you but does no damage.
The cerulean imp closely misses you. The worm barely misses you.
You hit Natasha but do no damage.
Natasha is heavily wounded.
Natasha claws you but does no damage.
The cerulean imp hits you from afar with a +0 spear.
The cerulean imp barely misses you.
You closely miss Natasha.
Natasha is heavily wounded.
Natasha stares at you and mumbles some strange words.
The magic dart hits you. The cerulean imp closely misses you. x2
The worm bites you but does no damage.
Natasha stares at you and mumbles some strange words.
You resist with significant effort.
You sock Natasha! You punch Natasha.
Natasha is almost dead.
The cerulean imp hits you from afar with a +0 spear.
The cerulean imp hits you but does no damage.
Natasha barely misses you. The worm bites you but does no damage.
You closely miss Natasha.
Natasha is almost dead.
The cerulean imp hits you from afar with a +0 spear.
The cerulean imp hits you but does no damage.
Natasha claws you.
You hit Natasha.
You kill Natasha!
Natasha growls in agony!
The cerulean imp disappears in a puff of smoke! x2
The worm bites you.
Your Stealth skill increases to level 1!
You hit the worm.
The worm is lightly wounded.
The hobgoblin hits you but does no damage.
The worm bites you!
* * * LOW HITPOINT WARNING * * *
Unknown command.
The hobgoblin attacks as you move away! The hobgoblin hits you.
You die...

.. .. .. # .#
.# ###. .#
##.## #...##.
.... .
#.....####.^
.. #<..##.#
#.#
###..#.##...#
##.@gSw..#
###.#...#
#.....#
..#.....
..##.#....#
... .##....
#.[. .. ....
.... .. ##.


You could see a worm, a hobgoblin and a ball python.

Vanquished Creatures
  Natasha (D:2)
  2 dart slugs (D:1)
  A ball python (D:1)
  An endoplasm (D:1)
  3 giant cockroaches (D:1)
  2 goblins (D:1)
  3 hobgoblins
  3 kobolds (D:1)
  4 quokkas (D:1)
  2 bats (D:1)
  A frilled lizard (D:1)
  2 rats (D:1)
25 creatures vanquished.

Notes
Turn   | Place    | Note
-------+----------+-------------------------------------------
     0 | D:1      | Kazon the Demonspawn Gladiator began the quest for the Orb.
     0 | D:1      | Reached XP level 1. HP: 16/16 MP: 1/1
    12 | D:1      | Found a bloodstained altar of Trog.
   220 | D:1      | Gained mutation: You may rarely emit foul miasma when
                  | damaged in melee. [demonic ancestry]
   220 | D:1      | Reached XP level 2. HP: 22/22 MP: 2/2
   274 | D:1      | Found a faded altar of an unknown god.
   293 | D:1      | Got Plato's Compilation of Poisoning
   851 | D:1      | Gained mutation: You have a somewhat thin skeletal
                  | structure. (Dex +2, Stealth+) [demonic ancestry]
   851 | D:1      | Reached XP level 3. HP: 26/27 MP: 3/3
  1070 | D:2      | Identified a scroll of acquirement
  1070 | D:2      | Acquired the +3 Elemental Staff {rElec rF+ rC+ AC+3}
  1070 | D:2      | Found the +3 Elemental Staff {rElec rF+ rC+ AC+3}
  1077 | D:2      | Noticed Natasha
  1087 | D:2      | Killed Natasha
  1088 | D:2      | Reached skill level 1 in Stealth
  1088 | D:2      | HP: 1/27 [worm (9)]
  1091 | D:2      | Slain by a hobgoblin

Illustrated notes

Levels and vault maps discovered:
D:1:      dpeg_arrival_lava_altar, layout_basic,
          shapermc_ecumenical_altar_rom_forum
D:2:      layout_rooms, solitary_fountain, minmay_tromino_v4_a, uniq_natasha

Skill      XL: |  1  2  3 |
---------------+----------+-----
Maces & Flails | 3 |  3.4
Dodging        | 3 |  3.1
Stealth        | 1 |  1.0
Fighting       | |  2.1
Throwing       | |  1.8
Armour         | |  0.6
Evocations     | |  0.6

Action                     || total
---------------------------++-------
  Melee: Flail             ||    67
         Punch             ||     2
         Staff             ||    11
  Throw: Stone             ||     1
    Use: Scroll            ||     1
   Stab: Held in net/web   ||     2
 Armour: Leather armour    ||    34
  Dodge: Dodged            ||    56
